 Dungeon Crawl Stone Soup version 0.19-a0-1111-gcceb26a (console) character file.

1330 brucemayne the Cleaver (level 8, -1/90 HPs)
             Began as a Vampire Berserker on Aug 10, 2016.
             Was an Elder of Trog.
             Succumbed to a killer bee's poison
             ... on level 8 of the Dungeon.
             The game lasted 00:10:17 (2169 turns).

brucemayne the Cleaver (Vampire Berserker)          Turns: 2169, Time: 00:10:18

Health: -1/90      AC:  6    Str: 23    XL:     8   Next: 34%
Magic:  8/8        EV: 11    Int: 10    God:    Trog [****..]
Gold:   239        SH:  0    Dex: 13    Spells: 0 memorised, 7 levels left

rFire  . . .     SeeInvis +     i - +0 war axe
rCold  . . .     Gourm    .     v - +0 scale mail
rNeg   + . .     Faith    .     (no shield)
rPois  .         Spirit   .     (no helmet)
rElec  .         Dismiss  .     (no cloak)
rCorr  .         Reflect  .     (no gloves)
SustAt .         Harm     .     (no boots)
MR     .....                    g - amulet of regeneration
Stlth  ..........               (no ring)
                                t - ring of flight

@: berserking, lethally poisoned (-1 -> -28), very quick
A: fangs 3, see invisible, unbreathing
a: Bat Form, Berserk, Trog's Hand, Brothers in Arms, Burn Spellbooks, Renounce
Religion, Evoke Flight


You were on level 8 of the Dungeon.
You worshipped Trog.
Trog was greatly pleased with you.
You were not thirsty.

You visited 1 branch of the dungeon, and saw 8 of its levels.

You collected 239 gold pieces.

Inventory:

Hand Weapons
 a - a +0 hand axe
 i - a +0 war axe (weapon)
 l - a +0 blowgun
 o - a +1 whip of draining
 w - a +2 antimagic hand axe
 x - a +2 vampiric trident
Missiles
 d - 14 poisoned needles
 u - 2 tomahawks of dispersal (quivered)
Armour
 b - a +0 animal skin
 k - a +0 ring mail
 p - a +0 ring mail
 q - a +0 chain mail
 v - a +0 scale mail (worn)
Jewellery
 g - an amulet of regeneration (around neck)
 t - a ring of flight (left hand)
Scrolls
 f - a scroll of magic mapping
 h - 6 scrolls of identify
 r - a scroll of teleportation {unknown}
 y - a scroll of recharging {unknown}
Potions
 c - a potion of brilliance {unknown}
 e - 13 potions of blood
 j - a potion of ambrosia
 m - 2 potions of heal wounds
 n - a potion of curing
 s - a potion of haste {unknown}
 z - a potion of flight {unknown}
 A - a potion of degeneration {unknown}
 B - a potion of invisibility {unknown}


   Skills:
 + Level 3.9 Fighting
 + Level 9.3 Axes
 - Level 1.5 Armour
 - Level 2.1 Dodging


You had 7 spell levels left.
You didn't know any spells.

Dungeon Overview and Level Annotations

Branches:
Dungeon (8/15)
 Temple: D:4-7         Lair: D:8-11

Altars:
Elyvilon
Qazlal
Vehumet

Annotations:
D:8 exclusion: statue


Innate Abilities, Weirdness & Mutations

You have razor-sharp teeth.
You have supernaturally acute eyesight. (SInv)
You can survive without breathing.


Message History

You feel sick. The killer bee stings you!
* * * LOW HITPOINT WARNING * * *
You are more poisoned.
The killer bee poisons you!
Unknown command.
You miss the killer bee.
* * * LOW HITPOINT WARNING * * *
You feel very sick.
The killer bee stings you but does no damage.
The killer bee stings you.
* * * LOW HITPOINT WARNING * * *
Unknown command.
You barely miss the killer bee.
* * * LOW HITPOINT WARNING * * *
You feel very sick. The killer bee stings you.
* * * LOW HITPOINT WARNING * * *
Unknown command.
You barely miss the killer bee. Your bite misses the killer bee.
You die...

.# ###### .# #
#####....# ##.##?#
#.....y†.# #...#.#
#.##.##@.# ......#
##.#.. #..# ......#
#..#.. #..# ......#
#..#.y #..# ......#
#..#(_ #..# ..)..##
#..#.y #..# #.).##
#..#.8 #..#
##)######..# #..#
...........#####..#


You could see a killer bee.

Vanquished Creatures
  A hungry ghost (D:8)
  A sky beast (D:7)
  An ogre (D:4)
  A centaur (D:5)
  A giant frog (D:8)
  2 scorpions
  A killer bee (D:8)
  A howler monkey (D:8)
  A crimson imp (D:6)
  4 orc priests
  4 hounds
  2 giant frog skeletons (D:4)
  5 orc wizards
  3 worker ants
  8 adders
  A shadow imp (D:6)
  An adder zombie (D:6)
  A dart slug (D:4)
  A giant gecko (D:4)
  26 orcs
  A ball python (D:4)
  2 giant cockroaches (D:4)
  A goblin (D:3)
  5 hobgoblins
  13 kobolds (D:4)
  3 quokkas
  A bat (D:3)
92 creatures vanquished.

Notes
Turn   | Place    | Note
-------+----------+-------------------------------------------
     0 | D:1      | brucemayne the Vampire Berserker began the quest for the Orb.
     0 | D:1      | Reached XP level 1. HP: 17/17 MP: 1/1
    79 | D:2      | Reached skill level 3 in Axes
    79 | D:2      | Reached XP level 2. HP: 6/23 MP: 2/2
   180 | D:2      | Found a stormy altar of Qazlal.
   400 | D:3      | Reached XP level 3. HP: 8/28 MP: 3/3
   615 | D:3      | Reached skill level 4 in Axes
   772 | D:4      | Reached ** piety under Trog
   899 | D:4      | Reached XP level 4. HP: 15/34 MP: 4/4
   970 | D:4      | Reached skill level 5 in Axes
   976 | D:4      | Reached XP level 5. HP: 27/39 MP: 5/5
  1094 | D:5      | Entered Level 5 of the Dungeon
  1217 | D:6      | Reached skill level 6 in Axes
  1220 | D:6      | Reached XP level 6. HP: 35/46 MP: 6/6
  1424 | D:4      | Reached skill level 7 in Axes
  1427 | D:4      | Reached XP level 7. HP: 51/51 MP: 7/7
  1526 | D:4      | Reached *** piety under Trog
  1683 | D:6      | Reached skill level 8 in Axes
  1726 | D:5      | Found a white marble altar of Elyvilon.
  1868 | D:8      | Noticed a hungry ghost
  1885 | D:8      | Killed a hungry ghost
  1948 | D:8      | Reached XP level 8. HP: 41/57 MP: 8/8
  1954 | D:8      | Reached skill level 9 in Axes
  2151 | D:8      | Found a radiant altar of Vehumet.
  2164 | D:8      | Reached **** piety under Trog
  2168 | D:8      | HP: 3/90 [poisoned by a killer bee]
  2168 | D:8      | HP: 1/90 [killer bee (2)]
  2169 | D:8      | Succumbed to a killer bee's poison

Vault maps used:
D:1:      lemuel_arrival_lava_pool
D:2:      grunt_qazlal_clouds, lemuel_round_altar, xom_redecorated
D:3:      lemuel_round_altar
D:4:      kennysheep_kobold_camp, kennysheep_little_box
D:5:      nicolae_overflow_hidden_temple, first_bread
D:6:      basic_altar, gup_sewer_entry_pipe
D:7:      kennysheep_mini_moat
D:8:      lemuel_round_altar, vehumet_statue, serial_shops, shop_fountains,
          enter_bailey_8, grunt_pizzeria

Skill      XL: |  1  2  3  4  5  6  7  8 |
---------------+-------------------------+-----
Axes           | 3 4 5 6 7 8 9 |  9.3
Fighting       | 3 |  3.9
Armour         | |  1.5
Dodging        | |  2.1

Action                   |  1- 3 |  4- 6 |  7- 9 || total
-------------------------+-------+-------+-------++-------
Melee: Hand axe          |   164 |    92 |       ||   256
       Bite              |    12 |    11 |    12 ||    35
       War axe           |     8 |    37 |   171 ||   216
 Fire: Blowgun           |       |       |     3 ||     3
Invok: Berserk           |     3 |     2 |     2 ||     7
 Abil: End Transformatio |     1 |     1 |     3 ||     5
       Bat Form          |     1 |     1 |     3 ||     5
  Use: Potion            |     5 |     4 |     8 ||    17
       Scroll            |       |     2 |       ||     2
Armor: Animal skin       |    11 |       |       ||    11
       Ring mail         |    25 |    37 |       ||    62
       Chain mail        |       |     9 |    16 ||    25
       Scale mail        |       |       |    67 ||    67
Dodge: Dodged            |    93 |    77 |    89 ||   259
